 Dungeon Crawl Stone Soup version 0.31-a0-836-g3ceb0a68c4 (webtiles) character file.

Game seed: 9052399673119654877

11467 LeprechaunX the Mimic (level 11, 0/67 HPs)
             Began as an Octopode Shapeshifter on Sept 27, 2023.
             Was an Elder of Hepliaklqana.
             Slain by a troll (6 damage)
             ... on level 12 of the Dungeon.
             The game lasted 00:28:06 (9763 turns).

LeprechaunX the Mimic (Octopode Shapeshifter)       Turns: 9763, Time: 00:28:08

Health: 0/67       AC:  1    Str: 23    XL:     11   Next: 78%
Magic:  11/11      EV: 13    Int: 13    God:    Hepliaklqana [****..]
Gold:   728        SH:  5    Dex: 12    Spells: 10/10 levels left

rFire   . .          .
                       - Unarmed
rCold   + . .        I - +0 buckler {rC+}
rNeg    . . .        (helmet currently unavailable)
rPois   .            k - amulet of regeneration
rElec   .            D - ring of see invisible
rCorr   .            v - +6 ring of strength
SInv    +            (no ring)
Will    .....        (no ring)
Stlth   ++           (no ring)
HPRegen 1.11/turn    (no ring)
MPRegen 0.12/turn    (no ring)
                     (no ring)

%: no passive effects
@: beast-form
A: beast (slay +4), reduced essence, almost no armour, amphibious, 8 rings,
camouflage 1, gelatinous body 1, (nimble swimmer 1), tentacles
a: Begin Untransformation, Renounce Religion, Recall Ancestor, Ancestor
Identity, Transference, Idealise


You were on level 12 of the Dungeon.
You worshipped Hepliaklqana.
Hepliaklqana was greatly pleased with you.
You were a hulking beast.
You visited 2 branches of the dungeon, and saw 13 of its levels.

You collected 728 gold pieces.

Inventory:

Hand Weapons
 a - a +0 sling
 K - the +3 whip of the Jumping Spider {freeze, rElec Str-2 Dex+4 Stlth+}
   (You found it on level 10 of the Dungeon)

   Str-2:     It affects your strength (-2).
   Dex+4:     It affects your dexterity (+4).
   rElec:     It insulates you from electricity.
   Stlth+:    It makes you more stealthy.
Armour
 H - a +0 kite shield
 I - a +0 buckler of cold resistance (worn)
Jewellery
 k - an amulet of regeneration (around mantle)
 v - a +6 ring of strength (right tentacle)
 D - a ring of see invisible (left tentacle)
Talismans
 b - a beast talisman (active)
 c - a flux talisman
 h - a granite talisman
Wands
 y - a wand of iceblast (20)
 z - a wand of light (33) (quivered)
 F - a wand of charming (13)
 J - a wand of flame (28)
Scrolls
 e - 2 scrolls of identify
 i - a scroll of noise
 j - 4 scrolls of fog
 l - a scroll of brand weapon
 m - a scroll of blinking
 o - 2 scrolls of poison
 r - a scroll of amnesia
 t - 2 scrolls of summoning {unknown}
 u - 2 scrolls of enchant armour {unknown}
 w - 6 scrolls of vulnerability {unknown}
 A - 3 scrolls of teleportation {unknown}
 B - 3 scrolls of enchant weapon {unknown}
 C - 2 scrolls of fear {unknown}
 G - 3 scrolls of revelation {unknown}
Potions
 d - 5 potions of curing
 f - 2 potions of heal wounds
 g - 2 potions of mutation {unknown}
 n - a potion of haste {unknown}
 p - 2 potions of cancellation {unknown}
 q - 3 potions of might {unknown}
 s - 2 potions of degeneration {unknown}
 x - 2 potions of berserk rage {unknown}
 E - a potion of lignification
 L - a potion of attraction {unknown}


   Skills:
 - Level 7.0 Fighting
 - Level 2.5 Dodging
 - Level 5.0 Shields
 - Level 7.0 Unarmed Combat
 + Level 0.0 Invocations
 * Level 13.9 Shapeshifting


You had 10 spell levels left.
You didn't know any spells.
Your spell library contained the following spells:

 Spells                   Type           Power      Damage    Failure   Level
 Apportation              Tloc           0%         N/A       36%         1
 Necrotise                Necr           0%         1d4       36%         1
 Summon Small Mammal      Summ           0%         N/A       36%         1
 Ensorcelled Hibernation  Hex/Ice        0%         N/A       50%         2
 Jinxbite                 Hex            0%         N/A       50%         2
 Hailstorm                Conj/Ice       0%         3d3       73%         3
 Ozocubu's Armour         Ice            0%         N/A       73%         3
 Anguish                  Hex/Necr       0%         N/A       98%         4
 Summon Ice Beast         Ice/Summ       0%         N/A       98%         4
 Simulacrum               Ice/Necr       0%         N/A       100%        6
 Ozocubu's Refrigeration  Ice            0%         4d7       100%        7


Dungeon Overview and Level Annotations

Branches:
Dungeon (12/15)            Temple (0/1) D:6            Lair (0/5) D:11
    Orc (1/2) D:10

Altars:
Cheibriados
Dithmenos
Elyvilon
Fedhas
Hepliaklqana
Makhleb
Nemelex Xobeh
Okawaru
Qazlal
Ru
Sif Muna
Wu Jian
The Shining One

Portals:
Abyss: D:11
Trove: D:11 (give horn of Geryon)

Annotations:
D:7 2 transporters, Kurtz's ghost, novice OpFi
D:10 1 runed translucent door, noobcanoe's ghost, journeyman DjFE
D:11 2 transporters, awesomeguy42's ghost, novice HuNe


Innate Abilities, Weirdness & Mutations

You are a hulking beast.
Your limbs bulge with bestial killing power. (Slay +4)
Your life essence is reduced to manifest your ancestor. (-10% HP)
You cannot wear most types of armour.
You are amphibious.
You can wear up to eight rings at the same time.
Your skin changes colour to match your surroundings (Stealth+).
Your rubbery body absorbs attacks. (AC +1, EV +1)
((You are camouflaged when in or above water. (Stealth+)))
You have tentacles for arms and can constrict up to eight enemies at once.


Message History

Found 6 gold pieces.
Found a scroll labelled SUIBAXT AREI.
Found a battleaxe.
Found 6 poisoned darts.
u - 2 scrolls labelled SUIBAXT AREI (gained 1)
Found a staff of earth.
Found a ring mail.
Found 17 gold pieces.
You see here a staff of earth.
Okay, then.
A troll comes into view.
The troll shouts!
Impisi gestures at the troll while chanting.
The troll resists with some effort.
An acid dragon comes into view.
You swap places.
You start waiting.
Something misses Impisi.
Something claws Impisi! x2
You swap places.
The troll bites you! The troll claws you. The troll claws you!
You tentacle-slap the troll.
The troll is lightly wounded.
You closely miss the troll.
The troll is lightly wounded.
You block the troll's attack. The troll claws you. The troll misses you.
You tentacle-slap the troll. You squeeze the troll!
The troll is heavily wounded.
The troll bites you. You block the troll's attack. The troll claws you!
You tentacle-slap the troll. Your squeeze misses the troll.
The troll is severely wounded.
Impisi casts a spell at the troll.
The troll resists with some effort.
The troll misses you. The troll claws you.
* * * LOW HITPOINT WARNING * * *
The troll barely misses you.
You tentacle-slap the troll.
The troll is severely wounded.
You hear the deafening beating of a distant drum.
The troll bites you!
* * * LOW HITPOINT WARNING * * *
The troll claws you.
You die...

#########################
.........R...........$...
........h####............
.........T...............
........................|
................#####....
................# #.[..
................# #....
........####'##.. ......
....... .. ####... #...


You could see the friendly Impisi the hexer and a troll (ally target).

Vanquished Creatures
  A two-headed ogre (D:8)
  A cyclops (D:11)
  2 gargoyles
  An unseen horror (D:12)
  A kobold demonologist (D:11)
  A hornet (D:10)
  4 wraiths
  3 yaks (D:9)
  2 steam dragons
  2 vampire mosquitoes (D:11)
  A water moccasin (D:6)
  3 black bears
  2 ice beasts
  An orc warrior (D:6)
  An ogre (D:6)
  9 centaurs
  A phantom (D:6)
  Blork the orc (D:6)
  A bullfrog (D:8)
  A gnoll sergeant (D:8)
  2 scorpions
  13 wights
  7 killer bees
  2 howler monkeys (D:10)
  3 hounds
  A gnoll bouda (D:3)
  A jelly (D:4)
  2 orc priests
  3 iguanas
  Jessica (D:3)
  Ijyb (D:5)
  6 orc wizards
  3 gnolls (D:8)
  8 adders
  A white imp (D:8)
  2 ufetubi (D:5)
  A worm (D:5)
  4 dart slugs (D:2)
  20 orcs
  7 bats
  8 endoplasms
  A giant cockroach (D:1)
  7 goblins
  8 hobgoblins
  3 jackals (D:1)
  4 kobolds
  8 quokkas
  5 ball pythons
  A frilled lizard (D:3)
  6 rats
178 creatures vanquished.

Vanquished Creatures (collateral kills)
  Josephine (D:11)
  A boulder beetle (D:11)
  2 two-headed ogres
  A troll (D:9)
  A slime creature (D:12)
  A wraith (D:11)
  A shadow (D:11)
  A black bear (D:8)
  3 orc warriors
  2 centaurs (D:11)
  A phantom (D:4)
  3 wights
  5 killer bees
  3 howler monkeys
  A hound (D:5)
  2 orc wizards
  5 orcs
  A giant cockroach (D:4)
35 creatures vanquished.

Vanquished Creatures (others)
  5 hexers
  2 ancestors (D:5)
7 creatures vanquished.

Grand Total: 220 creatures vanquished

Notes
Turn   | Place    | Note
-------+----------+-------------------------------------------
     0 | D:1      | LeprechaunX the Octopode Shapeshifter began the quest for
                  | the Orb.
     0 | D:1      | Reached XP level 1. HP: 13/13 MP: 1/1
    76 | D:1      | Reached XP level 2. HP: 14/18 MP: 2/2
   420 | D:1      | Reached XP level 3. HP: 20/23 MP: 3/3
   979 | D:2      | Reached XP level 4. HP: 26/29 MP: 4/4
  1717 | D:3      | Reached skill level 4 in Shapeshifting
  1770 | D:3      | Reached XP level 5. HP: 32/34 MP: 5/5
  1876 | D:3      | Found a snail-covered altar of Cheibriados.
  1942 | D:3      | Noticed Jessica
  1952 | D:3      | Killed Jessica
  1965 | D:3      | Found a shimmering blue altar of Sif Muna.
  2025 | D:3      | Found a glowing golden altar of the Shining One.
  2079 | D:3      | Found a sparkling altar of Nemelex Xobeh.
  2080 | D:3      | Found a hazy altar of Hepliaklqana.
  2238 | D:3      | Became a worshipper of Hepliaklqana the Forgotten
  2258 | D:4      | Noticed a black bear
  2258 | D:4      | Noticed a black bear
  2349 | D:4      | Noticed a phantom
  2392 | D:4      | Noticed an ice beast
  2431 | D:4      | Killed a black bear
  2432 | D:4      | Reached XP level 6. HP: 42/42 MP: 6/6
  2443 | D:4      | Killed an ice beast
  2444 | D:4      | Reached skill level 5 in Shapeshifting
  2693 | D:4      | Killed a black bear
  2694 | D:4      | Reached XP level 7. HP: 35/46 MP: 7/7
  2709 | D:4      | You fall into a shaft and drop 1 floor!
  2709 | D:5      | Entered Level 5 of the Dungeon
  2732 | D:5      | Reached * piety under Hepliaklqana
  2856 | D:5      | Reached skill level 5 in Unarmed Combat
  2856 | D:5      | Reached skill level 6 in Shapeshifting
  3088 | D:5      | Noticed Ijyb
  3095 | D:5      | Killed Ijyb
  3202 | D:4      | Found a white marble altar of Elyvilon.
  3284 | D:4      | Reached XP level 8. HP: 46/48 MP: 8/8
  3578 | D:5      | Found an ornate altar of the Wu Jian Council.
  3595 | D:5      | Found a shadowy altar of Dithmenos.
  3820 | D:6      | Noticed Blork the orc
  3826 | D:6      | Killed Blork the orc
  3951 | D:6      | Reached skill level 7 in Shapeshifting
  3977 | D:6      | Reached skill level 5 in Fighting
  4153 | D:6      | Reached ** piety under Hepliaklqana
  4154 | D:6      | Remembered your ancestor Impisi as a hexer
  4200 | D:6      | Found a staircase to the Ecumenical Temple.
  4248 | D:6      | Reached XP level 9. HP: 44/54 MP: 9/9
  4267 | D:6      | Reached skill level 8 in Shapeshifting
  5136 | D:7      | Found a burning altar of Makhleb.
  5136 | D:7      | Noticed an Executioner
  5363 | D:7      | Found a transporter.
  5384 | D:7      | Found a transporter.
  5405 | D:7      | Noticed Kurtz's ghost (novice OpFi)
  5642 | D:8      | Found a blossoming altar of Fedhas.
  5663 | D:8      | Noticed a two-headed ogre
  5672 | D:8      | Killed a two-headed ogre
  5673 | D:8      | Reached skill level 1 in Shields
  5673 | D:8      | Reached skill level 9 in Shapeshifting
  5788 | D:8      | Reached XP level 10. HP: 45/62 MP: 10/10
  6366 | D:8      | Reached skill level 10 in Shapeshifting
  6594 | D:9      | Reached *** piety under Hepliaklqana
  6605 | D:9      | Found an iron altar of Okawaru.
  6647 | D:9      | Found a sacrificial altar of Ru.
  7215 | D:10     | Entered Level 10 of the Dungeon
  7215 | D:10     | Found a staircase to the Orcish Mines.
  7226 | D:10     | Noticed a gargoyle
  7239 | D:10     | Killed a gargoyle
  7240 | D:10     | Reached skill level 11 in Shapeshifting
  7244 | D:10     | Identified the +3 whip of the Jumping Spider {freeze, rElec
                  | Str-2 Dex+4 Stlth+}
  7335 | D:10     | Reached skill level 5 in Shields
  7375 | D:10     | Reached **** piety under Hepliaklqana
  7639 | D:10     | Found a stormy altar of Qazlal.
  7948 | D:10     | Found a runed translucent door.
  8195 | D:10     | Noticed noobcanoe's ghost (journeyman DjFE)
  8196 | D:10     | Noticed an ogre mage
  8413 | D:11     | Noticed a boulder beetle
  8443 | D:11     | Killed a boulder beetle
  8444 | D:11     | Reached skill level 12 in Shapeshifting
  8444 | D:11     | Reached XP level 11. HP: 53/67 MP: 11/11
  8507 | D:11     | Noticed a two-headed ogre
  8508 | D:11     | Noticed Josephine
  8753 | Orc:1    | Entered Level 1 of the Orcish Mines
  8755 | Orc:1    | Noticed a two-headed ogre
  8998 | D:11     | Found a staircase to the Lair.
  9111 | D:11     | Found a transporter.
  9118 | D:11     | Found a transporter.
  9123 | D:11     | Noticed a worldbinder
  9126 | D:11     | Noticed a skeletal warrior
  9129 | D:11     | Noticed a great orb of eyes
  9192 | D:11     | Found a portal to a secret trove of treasure.
  9209 | D:11     | Noticed a cyclops
  9303 | D:11     | Killed a two-headed ogre
  9317 | D:11     | Found a one-way gate to the infinite horrors of the Abyss.
  9333 | D:11     | Killed Josephine
  9334 | D:11     | Reached skill level 13 in Shapeshifting
  9381 | D:11     | Noticed awesomeguy42's ghost (novice HuNe)
  9407 | D:11     | Killed a cyclops
  9512 | D:12     | Noticed a two-headed ogre
  9527 | D:12     | Killed a two-headed ogre
  9763 | D:12     | Slain by a troll

Illustrated notes

Levels and vault maps discovered:
D:1:      minmay_arrival_three_doors, layout_basic, kennysheep_doodads,
          st_stairs_3
D:2:      layout_basic
D:3:      layout_basic, minitemple, cheibriados_altar_1,
          mainiacjoe_overflow_concentric_impassable, tgw_sif, minivault_24,
          kennysheep_generic_room_7
D:4:      layout_gridville, kennysheep_mini_moat
D:5:      layout_loops_cross, pdpol_wu_jian_five_deadly_venoms,
          grunt_dithmenos_smoke_and_mirrors, nrook_pool_corridor, uniq_ijyb
D:6:      layout_basic, minmay_temple_entry_drinking_statues,
          kennysheep_generic_room_5, uniq_blork_the_orc
D:7:      layout_basic, makhleb_altar_promises_db, gammafunk_ghost_stat_death
D:8:      layout_rooms, mainiacjoe_overflow_six_doors_small,
          nicolae_benzene_ring, grunt_ministairs_5, kennysheep_small_circle
D:9:      layout_long_grid, amcnicky_altar_gilded, mainiacjoe_overflow_brackets
D:10:     layout_long_grid, nicolae_qazlal_general_emergency, orc_0_dummy,
          ebering_ghost_inner_flame
D:11:     layout_gridville, dpeg_oklobed_lair, nicolae_trove_entry_isolated,
          gammafunk_ghost_abyssal_escape, grunt_ministairs_6, uniq_josephine
D:12:     layout_stronghold, gauntlet_entry_generic, uniq_gastronok
Orc:1:    giant_chief_lemuel, layout_caves, basic_altar

Skill      XL: |  1  2  3  4  5  6  7  8  9 10 11 |
---------------+----------------------------------+-----
Fighting       | 2 3 4 5 6 7 |  7.0
Shapeshifting  | 4 5 6 7 9 12 13 | 13.9
Unarmed Combat | 4 5 6 7 |  7.0
Shields        | 2 5 |  5.0
Dodging        | |  2.5

Action                     |  1- 3 |  4- 6 |  7- 9 | 10-12 || total
---------------------------+-------+-------+-------+-------++-------
  Melee: Unarmed           |    75 |    52 |   131 |   146 ||   404
         Constrict         |    21 |    21 |    27 |    30 ||    99
         Tentacles         |    16 |    15 |    49 |    35 ||   115
         Punch             |       |     1 |     4 |     9 ||    14
         Mace              |       |    15 |       |       ||    15
   Fire: Sling             |       |       |     7 |    41 ||    48
  Throw: Boomerang         |       |    23 |    29 |    20 ||    72
 Invoke: Ancestor Life: He |       |       |     1 |       ||     1
         Recall Ancestor   |       |       |       |     2 ||     2
  Evoke: Wand              |       |       |     1 |     2 ||     3
    Use: Scroll            |       |       |       |     8 ||     8
         Potion            |       |       |       |     1 ||     1
   Stab: Sleeping          |     8 |     7 |     1 |     2 ||    18
         Distracted        |     1 |       |     1 |     3 ||     5
         Confused          |       |       |       |     5 ||     5
 Armour: Skin              |    28 |    36 |    66 |   102 ||   232
  Dodge: Dodged            |    39 |    25 |    77 |    75 ||   216
  Block: Buckler           |       |     2 |    18 |    29 ||    49

Table legend: (Time is in decaauts)
 A = Elapsed time spent in this place.
 B = Non-inter-level travel time spent in this place.
 C = Inter-level travel time spent in this place.
 D = Time resting spent in this place.
 E = Time spent auto-exploring this place.
 F = Levels seen in this place.
 G = Mean time per level.
                   A        B        C        D        E       F      G
               +--------+--------+--------+--------+--------+-----+--------+
         Total |   9786 |   9128 |    658 |   1092 |   5912 |  13 |  752.8 |
       Dungeon |   9781 |   9123 |    658 |   1092 |   5912 |  12 |  815.1 |
  Orcish Mines |      4 |      4 |      0 |      0 |      0 |   1 |    4.0 |
               +--------+--------+--------+--------+--------+-----+--------+

Top non-repeatable levels by time:
    D:10: 1367 daAuts
     D:6: 1248 daAuts
     D:8: 1026 daAuts
     D:2: 854 daAuts
     D:5: 821 daAuts
    D:11: 809 daAuts
     D:3: 760 daAuts
     D:4: 697 daAuts
     D:1: 683 daAuts
     D:9: 662 daAuts
     D:7: 598 daAuts
    D:12: 252 daAuts
   Orc:1: 4 daAuts
